 Dungeon Crawl Stone Soup version 0.21-a0-110-g8e1637b (webtiles) character file.

3 MackTheKnife the Gusty (level 1, 0/15 HPs)
             Began as a Naga Air Elementalist on July 9, 2017.
             Slain by a jackal (2 damage)
             ... on level 1 of the Dungeon.
             The game lasted 00:00:17 (250 turns).

MackTheKnife the Gusty (Naga Air Elementalist)       Turns: 250, Time: 00:00:18

Health: 0/15       AC:  1    Str: 10    XL:     1   Next: 50%
Magic:  3/3        EV: 10    Int: 15    God:
Gold:   2          SH:  0    Dex: 11    Spells: 3/4 levels left

rFire    . . .     SeeInvis +   (no weapon)
rCold    . . .     Gourm    .   (no shield)
rNeg     . . .     Faith    .   a - +0 robe
rPois    +         Spirit   .   (no helmet)
rElec    .         Reflect  .   (no cloak)
rCorr    .         Harm     .   (no gloves)
MR       .....                  (no barding)
Stlth    ++........             (no amulet)
HPRegen  0.05/turn              (no ring)
MPRegen  0.08/turn              (no ring)

@: very slow
A: see invisible, deformed body, poison resistance, slowness 2, slow metabolism
1, spit poison 1, AC +0
a: Spit Poison


You were on level 1 of the Dungeon.
You were not hungry.

You visited 1 branch of the dungeon, and saw 1 of its levels.

You collected 2 gold pieces.

Inventory:

Missiles
 e - 8 curare-tipped needles
Armour
 a - a +0 robe (worn)
 g - a scarf of resistance
   (You found it on level 1 of the Dungeon)
Books
 b - a book of Air
Comestibles
 c - a bread ration {@e1}
 d - 4 fruits
 f - a royal jelly
 h - a meat ration {@e2}


   Skills:
 - Level 1.5 Dodging
 - Level 3.0 Stealth
 + Level 2.1 Spellcasting
 + Level 1.1 Conjurations
 + Level 3.1 Air Magic


You had 3 spell levels left.
You knew the following spells:

 Your Spells              Type           Power        Failure   Level  Hunger
z - Shock                 Conj/Air       #...         10%         1    #......


Dungeon Overview and Level Annotations

Branches:
Dungeon (1/15)

Altars:


Innate Abilities, Weirdness & Mutations

You cannot wear boots.
Your serpentine skin is tough. (AC +0)
You have supernaturally acute eyesight. (SInv)
Armour fits poorly on your strangely shaped body.
Your system is resistant to poisons. (rPois)
You cover ground very slowly.
You have a slow metabolism.
You can spit poison.


Message History

Welcome, MackTheKnife the Naga Air Elementalist.
Will you prevail where others failed? Will you find the Orb of Zot?
Found a staircase leading out of the dungeon.
You open the door.
There is an open door here.
Found a stone staircase leading down.
There is a stone staircase leading down here.
You now have 2 gold pieces.
d - 4 fruits
f - a royal jelly A goblin comes into view.
A goblin is nearby!
A goblin is nearby!
Adjust (i)tems, (s)pells, or (a)bilities?
Adjust which spell? a - Shock Adjust to which letter? z - Shock The helpless goblin fails to defend itself.
You hit the goblin. The goblin barely misses you.
You closely miss the goblin. The goblin closely misses you.
You hit the goblin but do no damage. The goblin barely misses you.
You barely miss the goblin. The goblin hits you.
You take 1 damage, and have 14/15 hp.
You closely miss the goblin. The goblin hits you.
You take 4 damage, and have 10/15 hp.
MASSIVE DAMAGE!!
The zap hits the goblin.
You kill the goblin!
You now have 2/3 mp.
You start resting.
Health restored: 15; MP restored: 3 A hobgoblin comes into view.
It is wielding a club.
A hobgoblin is nearby!
A hobgoblin is nearby!
A hobgoblin is nearby!
The zap hits the hobgoblin. x2; The hobgoblin closely misses you.
You now have 2/3 mp.
The zap hits the hobgoblin.
You kill the hobgoblin!
You now have 1/3 mp.
Things that are here:
a club; a hobgoblin corpse
e - 8 curare-tipped needles
Found a stone staircase leading down.
MP restored: 3
There is a stone staircase leading down here.
g - a glowing scarf A rat comes into view.
A rat is nearby!
You closely miss the rat. The rat misses you.
You barely miss the rat. The rat bites you.
You take 1 damage, and have 14/15 hp.
The zap hits the rat.
You kill the rat!
You now have 2/3 mp.
h - a meat ration {@e2} A jackal comes into view.
Health restored: 15; MP restored: 3 A jackal is nearby!
A jackal is nearby!
A jackal comes into view.
The jackal barks!
The jackal moves out of view.
A jackal comes into view.
A jackal comes into view.
The jackal closely misses you.
The jackal bites you but does no damage.
The jackal closely misses you. The jackal bites you.
You take 1 damage, and have 14/15 hp.
The jackal closely misses you.
The jackal barks!
The jackal bites you.
You take 2 damage, and have 12/15 hp.
The jackal bites you. x2
You take 3 damage, and have 10/15 hp.
The jackal bites you. The jackal barely misses you.
You take 2 damage, and have 8/15 hp.
The jackal bites you. The jackal closely misses you. The jackal bites you.
* * * LOW HITPOINT WARNING * * *
The jackal barely misses you.
You take 4 damage, and have 4/15 hp.
MASSIVE DAMAGE!!
The jackal bites you.
* * * LOW HITPOINT WARNING * * *
The jackal barely misses you.
You take 2 damage, and have 2/15 hp.
The jackal closely misses you. The jackal bites you.
You die...

#.#.# #.#.#
#.#.#####
#........
#.#.######
#.........
##..##### #..#
#.@# ##h#
#h################
#h................
#...#..#..#..#.h#.
#...h.....)......h
#...#.h#..#..#..#.
#.................
#.################


You could see 3 jackals.

Vanquished Creatures
  A goblin (D:1)
  A hobgoblin (D:1)
  A rat (D:1)
3 creatures vanquished.

Notes
Turn   | Place    | Note
-------+----------+-------------------------------------------
     0 | D:1      | MackTheKnife the Naga Air Elementalist began the quest for the Orb.
     0 | D:1      | Reached XP level 1. HP: 15/15 MP: 3/3
   248 | D:1      | HP: 2/15 [jackal (2)]
   250 | D:1      | Slain by a jackal

Vault maps used:
D:1:      dpeg_arrival_tiny_c, corexii_item_surrounded_by_moat,
          hangedman_decor_peaks_small, columned_hall_lemuel

Action                   || total
-------------------------++-------
Melee: Unarmed           ||     7
 Cast: Shock             ||     4
 Stab: Sleeping          ||     1
Armor: Robe              ||     1
Dodge: Dodged            ||    13

Vault maps used:
D:1:      dpeg_arrival_tiny_c, corexii_item_surrounded_by_moat,
          hangedman_decor_peaks_small, columned_hall_lemuel

Table legend:
 A = Turns spent in this place as a percentage of turns spent in the entire game.
 B = Non-inter-level travel turns spent in this place as a percentage of non-inter-level travel turns spent in the entire game.
 C = Inter-level travel turns spent in this place as a percentage of turns spent in this place.
 D = Turns resting spent in this place as a percentage of non-inter-level travel turns spent in this place.
 E = Turns spent auto-exploring this place as a percentage of non-inter-level travel turns spent in this place.
 F = Non-inter-level travel turns spent in this place divided by the number of levels of this place that you've seen.
                   A       B       C       D       E      F
               +-------+-------+-------+-------+-------+----------------------
         Total | 100.0 | 100.0 |   0.0 |   3.4 |  15.5 |  58.0
       Dungeon | 100.0 | 100.0 |   0.0 |   3.4 |  15.5 |  58.0
               +-------+-------+-------+-------+-------+----------------------

Table legend:
 A = Kills in this place as a percentage of kills in entire the game.
 B = Kills by you in this place as a percentage of kills by you in the entire game.
 C = Kills by friends in this place as a percentage of kills by friends in the entire game.
 D = Other kills in this place as a percentage of other kills in the entire game.
 E = Experience gained in this place as a percentage of experience gained in the entire game.
 F = Experience gained in this place divided by the number of levels of this place that you have seen.
                   A       B       C       D       E      F
               +-------+-------+-------+-------+-------+----------------------
         Total | 100.0 | 100.0 |  -nan |  -nan | 100.0 |   5.0
       Dungeon | 100.0 | 100.0 |  -nan |  -nan | 100.0 |   5.0
               +-------+-------+-------+-------+-------+----------------------
